 Dungeon Crawl Stone Soup version 0.22-a0-346-ga714374 (webtiles) character file.

1656 Azzok the Jinx (level 8, -3/48 HPs)
             Began as a Deep Elf Enchanter on Apr 6, 2018.
             Was an Initiate of Vehumet.
             Slain by a two-headed ogre
             ... wielding a +0 giant club
              (29 damage)
             ... on level 7 of the Dungeon.
             The game lasted 00:13:37 (7388 turns).

Azzok the Jinx (Deep Elf Enchanter)                 Turns: 7388, Time: 00:13:37

Health: -3/48      AC:  4    Str:  5    XL:     8   Next: 68%
Magic:  5/14       EV: 13    Int: 23    God:    Vehumet [......]
Gold:   318        SH:  0    Dex: 15    Spells: 4/13 levels left

rFire    . . .     SeeInvis .   a - +1 dagger
rCold    . . .     Gourm    .   (no shield)
rNeg     . . .     Faith    .   b - +1 robe
rPois    .         Spirit   .   (no helmet)
rElec    .         Reflect  .   p - +0 cloak
rCorr    .         Harm     .   (no gloves)
MR       .....                  (no boots)
Stlth    +++.......             (no amulet)
HPRegen  0.16/turn              (no ring)
MPRegen  0.14/turn              (no ring)

@: no status effects
A: no striking features
a: Renounce Religion


You were on level 7 of the Dungeon.
You worshipped Vehumet.
Vehumet was noncommittal.
You were not hungry.

You visited 2 branches of the dungeon, and saw 8 of its levels.

You collected 318 gold pieces.

Inventory:

Hand Weapons
 a - a +1 dagger (weapon)
Armour
 b - a +1 robe (worn)
 c - a +0 buckler
 p - a +0 cloak (worn)
Wands
 n - a wand of polymorph (6)
 o - a wand of acid (8)
Scrolls
 i - a scroll of enchant armour
 m - 2 scrolls of amnesia
 q - 2 scrolls of magic mapping
 r - 2 scrolls of remove curse
 t - 3 scrolls of immolation {unknown}
 u - a scroll of fog {unknown}
Potions
 e - 3 potions of curing
 f - 2 potions of haste
 g - a potion of magic {unknown}
 h - 2 potions of might {unknown}
 j - a potion of lignification {unknown}
 k - 2 potions of flight {unknown}
 l - 2 potions of degeneration {unknown}
 s - a potion of resistance {unknown}
 v - 2 potions of invisibility {unknown}
 w - a potion of ambrosia {unknown}
Comestibles
 d - 11 rations
 x - 4 chunks of flesh


   Skills:
 + Level 3.7 Fighting
 + Level 4.7 Short Blades
 - Level 2.4 Dodging
 - Level 6.2 Stealth
 - Level 3.0 Spellcasting
 + Level 5.0 Conjurations
 + Level 9.1 Hexes


You had 4 spell levels left.
You knew the following spells:

 Your Spells              Type           Power        Failure   Level  Hunger
a - Corona                Hex            #####..      1%          1    None
b - Ensorcelled Hibernat  Hex/Ice        ###...       2%          2    ##.....
c - Confuse               Hex            #####...     1%          3    ###....
d - Dazzling Spray        Conj/Hex       #####.       1%          3    ###....


Dungeon Overview and Level Annotations

Branches:
Dungeon (7/15)             Temple (1/1) D:5

Altars:
Ashenzari
Cheibriados
Dithmenos
Elyvilon
Fedhas
Gozag
Hepliaklqana
Makhleb
Nemelex Xobeh
Okawaru
Qazlal
Ru
Trog
Uskayaw
Vehumet
Xom
Yredelemnul
Zin
The Shining One

Annotations:
D:5 Pikel


Message History

Confirm with . or Enter, or press ? or * to list all spells.
Aiming: Confuse (safe; 1% risk of failure)
Press: ? - help, Shift-Dir - straight line, f/p - two-headed ogre
Aim: a two-headed ogre, wielding a giant club and a giant spiked club (severely wounded, chance to defeat MR: 52%)
The two-headed ogre appears confused.
You hit the two-headed ogre but do no damage.
The two-headed ogre is severely wounded.
The two-headed ogre closely misses you.
The two-headed ogre hits you with a giant spiked club!
You hit the two-headed ogre.
The two-headed ogre is severely wounded.
You hit the two-headed ogre but do no damage.
The two-headed ogre is severely wounded.
The two-headed ogre chortles and stares into space.
You hit the two-headed ogre but do no damage.
The two-headed ogre is severely wounded.
The two-headed ogre grins madly.
The two-headed ogre hits you with a giant club!!
Ouch! That really hurt!
You die...

▒▒▒▒▒▒▒▒▒▒▒▒▒▒▒
······<<······▒▒▒▒
▒▒▒▒▒▒▒▒▒▒▒▒▒····▒
▒▒·@·······▒▒▒
▒▒▒▒▒▒▒·O▒▒▒▒▒▒▒▒▒
▒·····)·▒▒▒▒▒▒▒▒
······O▒▒▒··········▒
······▒ ▒··········▒
····▒▒ ▒·······(··▒
··O ▒▒▒▒▒▒▒··▒▒▒ ··
▒▒···▒▒ · ▒▒▒··▒


You could see a two-headed ogre (confused).

Vanquished Creatures
  Grinder (D:5)
  Sigmund (D:5)
  Menkaure (D:5)
  An ice beast (D:5)
  2 sky beasts (D:5)
  4 slaves (D:6)
  An ogre (D:5)
  A phantom (D:5)
  Blork the orc (D:6)
  A scorpion (D:5)
  A killer bee (D:7)
  A bullfrog zombie (D:6)
  An orc priest (D:7)
  2 hounds
  A centaur skeleton (D:5)
  3 iguanas
  7 worker ants
  2 hound skeletons (D:4)
  4 gnolls
  10 adders
  A shadow imp (D:5)
  An ooze (D:5)
  A worm (D:2)
  3 dart slugs (D:1)
  5 leopard geckos
  2 orcs
  4 bats
  A giant cockroach (D:2)
  4 goblins (D:1)
  6 hobgoblins
  4 jackals (D:1)
  2 quokkas
  4 frilled lizards
  9 kobolds
  2 quokka skeletons (D:4)
  11 rats
  2 fungi (D:4)
108 creatures vanquished.

Notes
Turn   | Place    | Note
-------+----------+-------------------------------------------
     0 | D:1      | Azzok the Deep Elf Enchanter began the quest for the Orb.
     0 | D:1      | Reached XP level 1. HP: 10/10 MP: 6/6
   263 | D:1      | Reached XP level 2. HP: 8/15 MP: 6/8
   391 | D:1      | Learned a level 2 spell: Ensorcelled Hibernation
  1321 | D:1      | Reached XP level 3. HP: 19/19 MP: 6/9
  1326 | D:1      | Learned a level 3 spell: Confuse
  1380 | D:1      | Reached skill level 5 in Hexes
  1581 | D:2      | Reached skill level 5 in Stealth
  1616 | D:2      | Reached XP level 4. HP: 24/24 MP: 7/10
  2769 | D:3      | Learned a level 3 spell: Dazzling Spray
  3293 | D:3      | Reached skill level 6 in Hexes
  3482 | D:4      | Reached XP level 5. HP: 28/28 MP: 11/11
  3686 | D:4      | Found a blossoming altar of Fedhas.
  3921 | D:4      | Reached skill level 1 in Conjurations
  3921 | D:4      | Reached XP level 6. HP: 33/33 MP: 12/12
  4518 | D:5      | Entered Level 5 of the Dungeon
  4540 | D:5      | Reached skill level 1 in Fighting
  4657 | D:5      | Reached skill level 7 in Hexes
  4700 | D:5      | Noticed Sigmund
  4715 | D:5      | Killed Sigmund
  4715 | D:5      | Reached XP level 7. HP: 27/39 MP: 8/13
  4833 | D:5      | Noticed Grinder
  4849 | D:5      | Killed Grinder
  5048 | D:5      | Reached skill level 8 in Hexes
  5073 | D:5      | Reached XP level 8. HP: 44/45 MP: 9/14
  5168 | D:5      | Noticed Menkaure
  5174 | D:5      | Killed Menkaure
  5579 | D:5      | Found a staircase to the Ecumenical Temple.
  5586 | Temple   | Entered the Ecumenical Temple
  5612 | Temple   | Became a worshipper of Vehumet
  5915 | D:6      | Noticed Pikel
  6287 | D:6      | Found a sacrificial altar of Ru.
  6582 | D:6      | Found a shadowy altar of Dithmenos.
  6752 | D:6      | Noticed Blork the orc
  6758 | D:6      | Killed Blork the orc
  6758 | D:6      | Reached skill level 9 in Hexes
  7288 | D:7      | Noticed a two-headed ogre
  7353 | D:7      | Reached skill level 5 in Conjurations
  7388 | D:7      | Slain by a two-headed ogre

Vault maps used:
D:1:      dpeg_arrival_pits, minmay_split_cup_large
D:2:      minivault_19, minmay_rat_gold_closets
D:3:      first_ration
D:4:      fedhas_altar_3, hangedman_decor_points, grunt_ministairs_8,
          corexii_mini_fake_secret_closet, kennysheep_nub
D:5:      temple_fountains, uniq_menkaure, uniq_sigmund, uniq_grinder
D:6:      lemuel_crystal_altar, nicolae_overflow_crystal_walls,
          dk_noncrumbling_3, uniq_blork_the_orc, uniq_pikel
D:7:      basic_altar, uniq_prince_ribbit1, uniq_joseph
Temple:   lightli_temple_of_artemis

Skill      XL: |  1  2  3  4  5  6  7  8 |
---------------+-------------------------+-----
Stealth        | 4 5 6 |  6.2
Hexes          | 5 6 7 8 9 |  9.1
Conjurations   | 1 2 3 5 |  5.0
Fighting       | 1 2 3 |  3.7
Short Blades   | 2 3 4 |  4.7
Dodging        | |  2.4
Spellcasting   | |  3.0

Action                   |  1- 3 |  4- 6 |  7- 9 || total
-------------------------+-------+-------+-------++-------
Melee: Dagger            |    86 |   155 |    79 ||   320
 Cast: Corona            |    11 |       |     3 ||    14
       Ensorcelled Hiber |    18 |    24 |    34 ||    76
       Confuse           |       |     5 |    15 ||    20
  Use: Scroll            |       |     8 |     1 ||     9
 Stab: Sleeping          |    16 |    39 |    28 ||    83
       Distracted        |     1 |       |       ||     1
       Confused          |       |     1 |     8 ||     9
  Eat: Chunk             |     3 |     8 |    10 ||    21
       Ration            |       |     1 |       ||     1
Armor: Robe              |    23 |       |     5 ||    28
Dodge: Dodged            |    66 |    28 |    31 ||   125

Table legend:
 A = Spawn XP
 B = Non-spawn XP
 C = Spawn XP percentage of total XP
 D = Spawn monster count
 E = Non-spawn monster count
 F = Spawn count percentage of total count
 G = Total turns spent on level
                    A         B        C        D         E        F      G
               +---------+---------+-------+---------+---------+-------+---------
         Total |       0 |    2366 |   0.0 |       0 |     102 |   0.0 |  7388
               +---------+---------+-------+---------+---------+-------+---------
           D:1 |       0 |      53 |   0.0 |       0 |      28 |   0.0 |  1565
           D:2 |       0 |      96 |   0.0 |       0 |      20 |   0.0 |  1042
           D:3 |       0 |      39 |   0.0 |       0 |       9 |   0.0 |   929
           D:4 |       0 |     230 |   0.0 |       0 |      13 |   0.0 |   982
           D:5 |       0 |    1508 |   0.0 |       0 |      18 |   0.0 |  1380
           D:6 |       0 |     321 |   0.0 |       0 |      10 |   0.0 |  1096
           D:7 |       0 |     119 |   0.0 |       0 |       4 |   0.0 |   342
               +---------+---------+-------+---------+---------+-------+---------
